 Dungeon Crawl Stone Soup version bcrawl-1.28 (webtiles) character file.

Game seed: 8051181430667490221

207440 LostNumber the Ruffian (level 6, -8/37 HPs)
             Began as a Vine Stalker Martial Artist on Nov 21, 2020.
             Was a Believer of Wu Jian.
             Killed by divine providence
             ... invoked by an orc priest
              (10 damage)
             ... on level 4 of the Dungeon.
             The game lasted 00:06:11 (2503 turns).

LostNumber the Ruffian (VSMA)                       Turns: 2503, Time: 00:06:12

Health: -8/37      AC:  8    Str: 17    XL:     6   Next: 50%
Magic:  8/8        EV: 11    Int:  9    God:    Wu Jian [**....]
Gold:   319        SH:  0    Dex: 16    Spells: 6/7 levels left

rFire    + . .     SeeInvis .     - Fists (9.6)
rCold    . . .     Gourm    .   (no shield)
rNeg     . . .     Faith    .   d - +0 chain mail
rPois    .         Spirit   .   (no helmet)
rElec    .         Reflect  .   (no cloak)
rCorr    .         Harm     .   (no gloves)
MR       .....                  (no boots)
Stlth    ..........             (no amulet)
HPRegen  0.52/turn              i - ring of protection from fire
MPRegen  0.11/turn              z - +3 ring of evasion

@: drained
A: fangs 3, regeneration 1, no potion heal 3, rot immunity, strong jaws
a: Wall Jump, Serpent's Lash, Renounce Religion


You were on level 4 of the Dungeon.
You worshipped Wu Jian.
Wu Jian was pleased with you.
You were hungry.

You visited 1 branch of the dungeon, and saw 4 of its levels.

You collected 319 gold pieces.

Inventory:

Armour
 a - a +0 robe
 d - a +0 chain mail (worn)
   (You found it on level 1 of the Dungeon)
Jewellery
 i - a ring of protection from fire (left hand)
   (You found it on level 1 of the Dungeon)
 u - the ring "Moel" {+Fly MP+9}
   (You found it on level 2 of the Dungeon)

   [ring of flight]

   It affects your magic capacity (+9).
   It lets you fly.
 z - a +3 ring of evasion (right hand)
   (You found it on level 3 of the Dungeon)
Wands
 c - a wand of clouds (4)
   (You found it on level 3 of the Dungeon)
 x - a wand of acid (5)
   (You found it on level 2 of the Dungeon)
Scrolls
 f - a scroll of teleportation {unknown}
 h - 2 scrolls of remove curse {unknown}
 l - a scroll of amnesia {unknown}
 m - a scroll of fog {unknown}
 n - a scroll of enchant armour {unknown}
 o - a scroll of fear {unknown}
 q - 4 scrolls of enchant weapon {unknown}
 r - a scroll of magic mapping {unknown}
 t - a scroll of immolation {unknown}
 y - 2 scrolls of identify {@r1}
Potions
 b - 4 potions of agility
 g - 3 potions of curing {unknown}
 j - a potion of resistance {unknown}
 k - a potion of might {unknown}
 p - 2 potions of mutation {unknown}
 s - a potion of brilliance {unknown}
 v - a potion of lignification {unknown}
Comestibles
 e - 8 rations {!d!d}
 w - a chunk of flesh


   Skills:
 + Level 3.5(2.8) Fighting
 + Level 1.6(1.0) Armour
 + Level 4.3(3.5) Dodging
 + Level 4.0(3.3) Stealth
 * Level 5.5(4.7) Unarmed Combat
 - Level 1.1(0.4) Spellcasting
 - Level 1.0(0.3) Hexes


You had 6 spell levels left.
You knew the following spells:

 Your Spells              Type           Power        Failure   Level  Hunger
a - Confusing Touch       Hex            #.......     99%         1    None
Your spell library was empty.

Dungeon Overview and Level Annotations

Branches:
Dungeon (4/12)
 Temple: D:4-7

Altars:
Gozag
Lugonu
Okawaru
Qazlal
Sif Muna
Xom

Annotations:
D:2 Sigmund


Innate Abilities, Weirdness & Mutations

You have razor-sharp teeth.
Your natural rate of healing is unusually fast.
Potions cannot restore your health.
You are immune to rotting.
Your bites deal extra damage.


Message History

There are monsters nearby!
An orc comes into view. It is wielding a +0 dagger.
The orc shouts!
You closely miss the orc. You bite the orc!
You kill the orc!
The Council accepts your kill.
You lunge at the orc.
You closely miss the orc.
An orc priest comes into view. It is wielding a +0 dagger.
The orc hits you but does no damage.
You see here a +0 flail.
Your chain mail prevents you from hitting the orc.
The orc closely misses you.
You closely miss the orc. You completely miss the orc.
You bite the orc, but do no damage. The orc hits you with a cursed +0 mace.
You punch the orc!
You kill the orc!
The Council accepts your kill.
The orc priest calls down the wrath of Beogh upon you.
Pain shoots through your body!
The orc priest invokes the aid of Beogh against you.
Beogh smites you!
* * * LOW HITPOINT WARNING * * *
Okay, then.
You lunge at the orc priest, in a flurry of attacks.
You closely miss the orc priest. Your punch misses the orc priest.
You are feeling hungry.
You barely miss the orc priest.
The orc priest hits you but does no damage.
Things that are here:
a cursed +0 mace; an orc corpse Your muscles tense, ready for explosive movement...
Your chain mail prevents you from hitting the orc priest.
You closely miss the orc priest. The orc priest barely misses you.
The orc priest mumbles some strange prayers to Beogh against you.
Beogh smites you!
* * * LOW HITPOINT WARNING * * *
Unknown command.
You see here a +0 flail.
You are already lashing out.
You feel drained.
Your supernatural speed expires.
You are too exhausted to lash out.
You feel less exhausted.
Unknown command.
The orc priest calls down the wrath of Beogh upon you.
Beogh smites you!
* * * LOW HITPOINT WARNING * * *
The orc priest mumbles some strange prayers to Beogh against you.
Beogh smites you!
You die...

.......#.##.###.....#
..#.#..#.##.# ##.##.#
..#.........####....#
.รท.........>.....####
.......#...#####.#
.............# #.#
.#.#.#.#.###.# #.#
..........##.# #.#
.............###@#
....####..##.#.#.#
.............#.#.#######
###.###...........#
.........#.#####.#
##.####o.#o# #..#.#
#..#o# ...####....#


You could see an orc priest and an orc.

Vanquished Creatures
  A scorpion (D:3)
  A hound (D:4)
  3 orc wizards
  2 worker ants (D:4)
  A gnoll (D:3)
  An adder (D:3)
  2 shadow imps (D:3)
  2 worms (D:2)
  A dart slug (D:2)
  7 leopard geckos
  11 orcs
  2 ball pythons
  6 bats
  2 giant cockroaches
  9 hobgoblins
  2 jackals (D:2)
  2 quokkas
  2 frilled lizards
  8 kobolds
  2 rats (D:1)
67 creatures vanquished.

Notes
Turn   | Place    | Note
-------+----------+-------------------------------------------
     0 | D:1      | LostNumber the Vine Stalker Martial Artist began the quest
                  | for the Orb.
     0 | D:1      | Reached XP level 1. HP: 13/13 MP: 3/3
   112 | D:1      | Reached XP level 2. HP: 18/18 MP: 4/4
   690 | D:2      | Reached XP level 3. HP: 22/22 MP: 5/5
   776 | D:2      | Reached ** piety under Wu Jian
   972 | D:2      | Found a stormy altar of Qazlal.
   973 | D:2      | Found a shimmering altar of Xom.
  1015 | D:2      | Got a twitching granite ring
  1018 | D:2      | Identified the ring "Moel" {+Fly MP+9} (You found it on
                  | level 2 of the Dungeon)
  1074 | D:2      | Noticed Sigmund
  1114 | D:2      | Reached XP level 4. HP: 11/28 MP: 6/6
  1728 | D:3      | Reached skill level 1 in Armour
  1728 | D:3      | Reached skill level 5 in Unarmed Combat
  1728 | D:3      | Reached XP level 5. HP: 20/32 MP: 7/7
  1865 | D:3      | Gained mutation: You have razor-sharp teeth. [Vine Stalker
                  | growth]
  1865 | D:3      | Reached XP level 6. HP: 34/37 MP: 8/8
  2019 | D:3      | Found a corrupted altar of Lugonu.
  2149 | D:3      | Found a shimmering blue altar of Sif Muna.
  2257 | D:4      | Found an iron altar of Okawaru.
  2257 | D:4      | Found an opulent altar of Gozag.
  2502 | D:4      | HP: 1/37 [orc priest/divine providence (11)]
  2503 | D:4      | Killed from afar by an orc priest

Skill      XL: |  1  2  3  4  5  6 |
---------------+-------------------+-----
Stealth        | 2 3 4 |  4.0
Fighting       | 3 |  3.5
Armour         | 1 |  1.6
Unarmed Combat | 5 |  5.5
Dodging        | 4 |  4.3
Spellcasting   | |  1.1
Hexes          | |  1.0

Action                   |  1- 3 |  4- 6 || total
-------------------------+-------+-------++-------
Melee: Unarmed           |   142 |   150 ||   292
       Bite              |    19 |    22 ||    41
       Punch             |     2 |     2 ||     4
Invok: Lunge             |     8 |    13 ||    21
       Whirlwind         |    16 |     5 ||    21
 Abil: Serpent's Lash    |     1 |     2 ||     3
  Eat: Chunk             |     3 |     8 ||    11
Armor: Chain mail        |    50 |    63 ||   113
       Robe              |     3 |       ||     3
Dodge: Dodged            |    61 |    40 ||   101
